 Dungeon Crawl Stone Soup version 0.23.2-40-g277498a001 (webtiles) character file.

Game seed: 9236362059496870559

116 Kikorro the Poker (level 5, -3/40 HPs)
             Began as a Merfolk Gladiator on Sept 7, 2019.
             Slain by a gnoll
             ... wielding a +0 spear
              (5 damage)
             ... on level 2 of the Dungeon.
             The game lasted 00:05:36 (2528 turns).

Kikorro the Poker (Merfolk Gladiator)               Turns: 2528, Time: 00:05:37

Health: -3/40      AC:  4    Str: 13    XL:     5   Next: 0%
Magic:  5/5        EV: 16    Int:  8    God:
Gold:   86         SH:  0    Dex: 15    Spells: 4/4 levels left

rFire    . . .     SeeInvis .   a - +0 trident
rCold    . . .     Gourm    .   (no shield)
rNeg     . . .     Faith    .   b - +0 leather armour
rPois    .         Spirit   .   c - +0 helmet
rElec    .         Reflect  .   (no cloak)
rCorr    .         Harm     .   (no gloves)
MR       .....                  (no boots)
Stlth    +.........             (no amulet)
HPRegen  0.13/turn              (no ring)
MPRegen  0.09/turn              (no ring)

@: berserk cooldown, slowed, very slow
A: change form in water, swift swim, stealthy swim, repulsion field 1, high mp
1, weak 1, no potion heal 1
a: no special abilities


You were on level 2 of the Dungeon.
You were not hungry.

You visited 1 branch of the dungeon, and saw 2 of its levels.

You collected 86 gold pieces.

Inventory:

Hand Weapons
 a - a +0 trident (weapon)
Missiles
 d - 3 throwing nets (quivered)
Armour
 b - a +0 leather armour (worn)
 c - a +0 helmet (worn)
Scrolls
 h - 4 scrolls of remove curse {unknown}
 i - a scroll of teleportation {unknown}
Potions
 g - a potion of curing {unknown}
 j - a potion of magic {unknown}
 l - a potion of degeneration {unknown}
 m - a potion of experience {unknown}
Comestibles
 f - 4 rations


   Skills:
 + Level 2.8 Fighting
 + Level 6.2 Polearms
 - Level 2.0 Throwing
 + Level 1.2 Armour
 + Level 4.8 Dodging
 + Level 0.4 Stealth


You had 4 spell levels left.
You didn't know any spells.
Your spell library was empty.

Dungeon Overview and Level Annotations

Branches:
Dungeon (2/15)

Altars:

Annotations:
D:2 1 runed translucent door, Crazy Yiuf


Innate Abilities, Weirdness & Mutations

You revert to your normal form in water You are very nimble and swift while swimming.
You are very stealthy in the water. (Stealth+)
You are surrounded by a mild repulsion field. (EV +2)
You have an increased reservoir of magic. (+10% MP)
You are weak. (Str -2)
Potions are less effective at restoring your health.


Message History

The gnoll hits you from afar with a +0 spear.
* * * LOW HITPOINT WARNING * * *
You tear a large gash into the net.
You feel a strong urge to attack something.
You struggle against the net.
The gnoll barely misses you.
You rip the net and break free!
You feel your anger nearly subside. The gnoll closely misses you.
You puncture the gnoll!
You kill the gnoll!
You have reached level 5!
You feel clever. The hobgoblin barely misses you.
You closely miss the hobgoblin. The gnoll closely misses you.
You are no longer berserk.
You are exhausted.
You feel yourself slow down. The gnoll hits you with a +0 club.
* * * LOW HITPOINT WARNING * * *
The hobgoblin closely misses you. The gnoll hits you with a +0 spear.
You die...

#...## #...# #)......#.#.# #.
.....######## #)#####.....# #.
........# #.# #.#.#.# #.
.....##.# ##.## #.#...#
#...###.## #...# #.###.#####
##.####..### #...# #.# #.....)
####.......# #...####.####.##.# #
#.###.#.#####.g.#......##.##g#
####.###<#.#....@g......#.#......
................g.......#.#...#..
###..##....#......)....##.g.#..##
# #..#.....#####...#.####..###.##
# #..<.....# #...#.....### ####
###.#...#.## #...######
#...#....^# #...# #####
#.#####.########..## #)..#
#...#...# ##.##...## #...#


You could see 2 gnolls and a hobgoblin.

Vanquished Creatures
  An orc priest (D:2)
  Jessica (D:2)
  2 gnolls (D:2)
  2 worms (D:2)
  2 dart slugs (D:2)
  A leopard gecko (D:2)
  3 orcs
  6 bats
  2 goblins (D:1)
  3 hobgoblins (D:1)
  5 kobolds
  3 rats
31 creatures vanquished.

Notes
Turn   | Place    | Note
-------+----------+-------------------------------------------
     0 | D:1      | Kikorro the Merfolk Gladiator began the quest for the Orb.
     0 | D:1      | Reached XP level 1. HP: 16/16 MP: 1/1
   439 | D:1      | Reached XP level 2. HP: 22/22 MP: 2/2
   859 | D:1      | Reached skill level 5 in Polearms
  1291 | D:2      | Found a runed translucent door.
  1292 | D:2      | Noticed Crazy Yiuf
  1363 | D:2      | Noticed Jessica
  1397 | D:2      | Killed Jessica
  1397 | D:2      | Reached XP level 3. HP: 28/28 MP: 3/3
  1817 | D:2      | Reached skill level 1 in Armour
  1817 | D:2      | Reached XP level 4. HP: 2/34 MP: 4/4
  2250 | D:2      | Reached skill level 6 in Polearms
  2511 | D:2      | Gained mutation: Potions are less effective at restoring
                  | your health. [potion of mutation]
  2511 | D:2      | Gained mutation: You are weak. (Str -2) [potion of
                  | mutation]
  2511 | D:2      | Gained mutation: You are surrounded by a mild repulsion
                  | field. (EV +2) [potion of mutation]
  2511 | D:2      | Gained mutation: You have an increased reservoir of magic.
                  | (+10% MP) [potion of mutation]
  2526 | D:2      | Reached XP level 5. HP: 4/40 MP: 5/5
  2528 | D:2      | HP: 2/40 [gnoll/+0 club (1)]
  2528 | D:2      | Slain by a gnoll

Skill      XL: |  1  2  3  4 |
---------------+-------------+-----
Polearms       | 5 6 |  6.2
Armour         | 1 |  1.2
Fighting       | |  2.8
Throwing       | |  2.0
Dodging        | |  4.8
Stealth        | |  0.4

Action                   |  1- 3 |  4- 6 || total
-------------------------+-------+-------++-------
Melee: Trident           |    85 |    36 ||   121
  Use: Potion            |       |     2 ||     2
 Stab: Distracted        |       |     1 ||     1
       Sleeping          |       |     1 ||     1
  Eat: Chunk             |     3 |     2 ||     5
Armor: Leather armour    |     9 |     3 ||    12
Dodge: Dodged            |    39 |    24 ||    63
